[Event "November 21 Late 2023"]
[Site "https://www.chess.com"]
[Date "2023.11.21"]
[Round "2"]
[White "Weisz, Bryan"]
[Black "Rodriguez Dominguez, Melissa"]
[Result "0-1"]
[Board "145"]
[TimeControl "180+1"]
[WhiteFideId "30934133"]
[BlackFideId "3517560"]
[WhiteElo "2450"]
[BlackElo "2012"]
[WhiteTeam "USA"]
[BlackTeam "CUB"]
[WhiteClock "0:01:34"]
[BlackClock "0:00:43"]

1. f3 d5 2. Nh3 c5 3. Nf2 Nc6 4. g3 e5 5. Bg2 Nf6 6. O-O Bd6 7. e4 O-O 8. d3 Be6 9. Nc3 d4 10. Ne2 b5 11. f4 c4 12. f5 Bd7 13. g4 cxd3 14. cxd3 Rc8 15. Ng3 Nb4 16. g5 Ne8 17. Qh5 Nc2 18. f6 Nxa1 19. Ng4 Bxg4 20. Qxg4 g6 21. Nf5 gxf5 22. Qh5 Nxf6 23. gxf6 Qxf6 24. Rxf5 Rxc1+ 25. Bf1 Qg6+ 26. Rg5 Nc2 27. Kf2 Kh8 28. Rxg6 fxg6+ 0-1

[Event "November 21 Late 2023"]
[Site "https://www.chess.com"]
[Date "2023.11.21"]
[Round "2"]
[White "Quirke, Jeffrey"]
[Black "Novikova, Galina"]
[Result "1-0"]
[Board "146"]
[TimeControl "180+1"]
[WhiteFideId "2013029"]
[BlackFideId "4157095"]
[WhiteElo "2227"]
[BlackElo "1972"]
[WhiteTeam "USA"]
[BlackTeam "RUS"]
[WhiteClock "0:00:09"]
[BlackClock "0:00:04"]

1. e4 e5 2. Nf3 Nc6 3. Nc3 Nf6 4. h3 Bc5 5. Nxe5 Bxf2+ 6. Kxf2 Nxe5 7. d4 Ng6 8. Bd3 O-O 9. Re1 d6 10. Kg1 a6 11. a4 Bd7 12. e5 dxe5 13. dxe5 Ne8 14. Qe2 Be6 15. Be4 c6 16. a5 Nc7 17. Be3 Nd5 18. Nxd5 cxd5 19. Bb6 Qd7 20. Bd3 Nf4 21. Qe3 Nxd3 22. cxd3 Rac8 23. Rac1 h6 24. d4 Bf5 25. Rc5 Be4 26. Rec1 Rxc5 27. Rxc5 Qf5 28. Rc7 Qg6 29. Qf2 Qg5 30. Kh2 f5 31. exf6 Rxf6 32. Qg3 Qxg3+ 33. Kxg3 Rg6+ 34. Kf4 Rxg2 35. Rxb7 Rxb2 36. Ra7 Bd3 37. Ke5 Bc4 38. h4 Rh2 39. Bd8 Re2+ 40. Kd6 Kh7 41. Rb7 Re4 42. Kc5 Re8 43. Bc7 Re4 44. Bd8 Rg4 45. Rd7 Kg8 46. Rb7 Rg1 47. Rd7 g5 48. hxg5 hxg5 49. Bf6 g4 50. Be5 g3 51. Rg7+ Kf8 52. Rxg3 Ra1 53. Kb6 Rb1+ 54. Ka7 Rb5 55. Bc7 Rb4 56. Bd6+ Kf7 57. Bxb4 Ke6 58. Kb6 Kf5 59. Re3 Kf4 60. Re5 Kf3 61. Kc5 Kf4 62. Rxd5 Bxd5 63. Kxd5 Kf5 64. Kc6 Ke6 65. d5+ Kf7 66. Kc7 Ke8 67. d6 1-0

[Event "November 21 Late 2023"]
[Site "https://www.chess.com"]
[Date "2023.11.21"]
[Round "2"]
[White "ATM622"]
[Black "Bullen, Alex"]
[Result "1-0"]
[Board "147"]
[TimeControl "180+1"]
[BlackFideId "1801627"]
[WhiteElo "2447"]
[BlackElo "2078"]
[BlackTeam "WLS"]
[WhiteClock "0:00:12"]
[BlackClock "0:00:00"]

1. d4 Nf6 2. c4 e6 3. g3 d5 4. Bg2 Bb4+ 5. Nd2 O-O 6. Qc2 Nc6 7. Nf3 Ne4 8. O-O a5 9. Nxe4 dxe4 10. Qxe4 f5 11. Qd3 Qe8 12. d5 exd5 13. cxd5 Ne5 14. Nxe5 Qxe5 15. Bf4 Qxb2 16. Bxc7 Ra6 17. d6 Qe5 18. Rfd1 f4 19. gxf4 Qxf4 20. d7 Qxf2+ 21. Kh1 Bxd7 22. Qxd7 Rh6 23. Qd5+ Kh8 24. Rf1 Qxe2 25. Rxf8+ Bxf8 26. Rf1 Qe7 27. Be5 Rg6 28. Qf7 Qxf7 29. Rxf7 Bb4 30. Be4 Re6 31. Rxb7 h6 32. Bxg7+ Kg8 33. Bd5 1-0

[Event "November 21 Late 2023"]
[Site "https://www.chess.com"]
[Date "2023.11.21"]
[Round "2"]
[White "Vila Dupla, Aurelio"]
[Black "Reprintsev, Alexander"]
[Result "1-0"]
[Board "148"]
[TimeControl "180+1"]
[WhiteFideId "2203383"]
[BlackFideId "14100541"]
[WhiteElo "2009"]
[BlackElo "2229"]
[WhiteTeam "ESP"]
[BlackTeam "UKR"]
[WhiteClock "0:00:02"]
[BlackClock "0:00:00"]

1. Nf3 Nc6 2. d4 d5 3. g3 Bf5 4. Bg2 Nb4 5. Na3 e6 6. O-O h6 7. c4 Nf6 8. Bd2 a5 9. cxd5 exd5 10. Nb5 c6 11. Nc3 Be7 12. a3 Na6 13. Bf4 O-O 14. Ne5 Nc7 15. Nd3 Ne6 16. Be5 Nd7 17. e4 dxe4 18. Nxe4 Nxe5 19. dxe5 Qd4 20. Re1 Rfd8 21. Re3 Qb6 22. Nd6 Bxd6 23. exd6 Rxd6 24. Qe2 Bxd3 25. Rxd3 Rxd3 26. Qxd3 Rd8 27. Qe2 Nd4 28. Qe7 Rf8 29. b4 axb4 30. axb4 Nc2 31. Rb1 Qa6 32. Qc5 Na3 33. Ra1 Ra8 34. b5 Qa5 35. Bf1 Qa4 36. bxc6 bxc6 37. Bg2 Ra6 38. Rc1 Qb5 39. Bxc6 Qxc5 40. Rxc5 Nb1 41. Kg2 Nd2 42. Rc2 Nb3 43. Bf3 Nd4 44. Rc8+ Kh7 45. Be4+ g6 46. Rc7 Kg7 47. Bd5 Rf6 48. Bc4 Ne6 49. Ra7 Ng5 50. h4 Ne4 51. Ba2 1-0

[Event "November 21 Late 2023"]
[Site "https://www.chess.com"]
[Date "2023.11.21"]
[Round "2"]
[White "Broca Jimenez, Fernando"]
[Black "Joie, Sebastien"]
[Result "0-1"]
[Board "149"]
[TimeControl "180+1"]
[WhiteFideId "5104742"]
[BlackFideId "650420"]
[WhiteElo "2062"]
[BlackElo "2396"]
[WhiteTeam "MEX"]
[BlackTeam "FRA"]
[WhiteClock "0:00:10"]
[BlackClock "0:00:54"]

1. e4 c5 2. c3 d5 3. exd5 Qxd5 4. d4 Nc6 5. Nf3 Bg4 6. Be2 e6 7. O-O Nf6 8. Bf4 Be7 9. Nbd2 O-O 10. dxc5 Bxc5 11. Nb3 Bb6 12. Qxd5 Nxd5 13. Bg3 e5 14. h3 Bh5 15. Rad1 Rad8 16. Rfe1 f6 17. c4 Ndb4 18. a3 Nc2 19. Rxd8 Rxd8 20. Rd1 N2d4 21. Nbxd4 Nxd4 22. Kf1 Nxe2 23. Rxd8+ Bxd8 24. Kxe2 e4 0-1

[Event "November 21 Late 2023"]
[Site "https://www.chess.com"]
[Date "2023.11.21"]
[Round "2"]
[White "Swicarz, Maciej"]
[Black "Souza, Gustavo Horokoski De"]
[Result "1-0"]
[Board "150"]
[TimeControl "180+1"]
[WhiteFideId "1113585"]
[BlackFideId "2146584"]
[WhiteElo "2127"]
[BlackElo "1824"]
[WhiteTeam "POL"]
[BlackTeam "BRA"]
[WhiteClock "0:00:29"]
[BlackClock "0:00:01"]

1. e4 e6 2. d4 d5 3. Nd2 Nc6 4. c3 e5 5. dxe5 dxe4 6. Qa4 e3 7. fxe3 Be6 8. Ngf3 Bc5 9. Nd4 Qd7 10. Bb5 Nge7 11. Ne4 Bb6 12. Ng5 O-O-O 13. O-O a6 14. Ngxe6 fxe6 15. Bxa6 bxa6 16. Qxa6+ Kb8 17. a4 Nxe5 18. a5 Bxd4 19. exd4 N5c6 20. Ra3 Nc8 21. Rb3+ Nb6 22. axb6 cxb6 23. Rxb6+ Kc7 24. Rb7+ Kd6 25. Bf4+ 1-0

[Event "November 21 Late 2023"]
[Site "https://www.chess.com"]
[Date "2023.11.21"]
[Round "2"]
[White "Curtis, John"]
[Black "Koc, Przemyslaw"]
[Result "0-1"]
[Board "151"]
[TimeControl "180+1"]
[WhiteFideId "3200256"]
[BlackFideId "1109081"]
[WhiteElo "2203"]
[BlackElo "2118"]
[WhiteTeam "AUS"]
[BlackTeam "POL"]
[WhiteClock "0:00:57"]
[BlackClock "0:00:58"]

1. e4 d6 2. d4 Nf6 3. Nc3 e5 4. dxe5 dxe5 5. Qxd8+ Kxd8 6. Bc4 Be6 7. Bxe6 fxe6 8. Nf3 Bd6 9. Bg5 Ke7 10. O-O-O Nc6 11. Nb5 a6 12. Nxd6 cxd6 13. Nd2 h6 14. Bh4 g5 15. Bg3 Nh5 16. f3 Nf4 17. Bxf4 exf4 18. Nc4 Rad8 19. Nb6 Ne5 20. h3 h5 21. Kd2 g4 22. hxg4 hxg4 23. Ke2 g3 24. c4 Rh2 25. Rhg1 Nc6 26. a3 Rdh8 27. b4 e5 28. Rd3 Nd4+ 29. Kd2 Rh1 30. Rxh1 Rxh1 31. Kc3 Rc1+ 32. Kb2 Rc2+ 33. Kb1 Rxg2 34. c5 dxc5 35. Nc4 Ke6 36. bxc5 Rf2 0-1

[Event "November 21 Late 2023"]
[Site "https://www.chess.com"]
[Date "2023.11.21"]
[Round "2"]
[White "Kostiukov, Alexandr"]
[Black "ilya2700"]
[Result "0-1"]
[Board "152"]
[TimeControl "180+1"]
[WhiteFideId "14108100"]
[WhiteElo "2144"]
[BlackElo "2208"]
[WhiteTeam "UKR"]
[WhiteClock "0:00:00"]
[BlackClock "0:02:10"]

1. g3 d5 2. Bg2 e6 3. d3 Nf6 4. e4 Be7 5. Qe2 O-O 6. e5 Nfd7 7. Nf3 c5 8. O-O Nc6 9. c4 f6 10. exf6 Nxf6 11. Nc3 a6 12. Bf4 Bd6 13. Ne5 Nd4 14. Qd1 Qc7 15. Re1 dxc4 16. dxc4 Rb8 17. Ne4 Bxe5 0-1

[Event "November 21 Late 2023"]
[Site "https://www.chess.com"]
[Date "2023.11.21"]
[Round "2"]
[White "Manfroi, Alexander Giannini"]
[Black "YouShallNotPass001"]
[Result "0-1"]
[Board "153"]
[TimeControl "180+1"]
[WhiteFideId "22739335"]
[WhiteElo "1618"]
[BlackElo "2442"]
[WhiteTeam "BRA"]
[WhiteClock "0:00:11"]
[BlackClock "0:00:17"]

1. d4 Nf6 2. Bf4 e6 3. Nc3 c5 4. e3 cxd4 5. exd4 Be7 6. Nf3 O-O 7. Bd3 b6 8. O-O Bb7 9. Qe2 d6 10. Rad1 Nbd7 11. Nb1 a6 12. c3 Nh5 13. Bc1 g6 14. Be4 Qc7 15. Bxb7 Qxb7 16. Nbd2 Rfe8 17. Ne4 b5 18. Ng3 Ng7 19. Qe4 d5 20. Qe2 b4 21. Bf4 Rac8 22. Qd2 Nb6 23. Ne5 bxc3 24. bxc3 Nc4 25. Nxc4 Rxc4 26. Rb1 Qc6 27. Rfc1 Rc8 28. Ne2 Nf5 29. Rb3 Bd8 30. Qd3 Bf6 31. Ng3 Nxd4 32. Bd2 Nb5 33. Qf3 Bxc3 34. a4 Nd4 35. Qf6 Nxb3 36. Bxc3 Rxc3 37. Rf1 e5 38. Qxe5 Qe6 39. Qg5 Rc1 40. h4 Rxf1+ 41. Nxf1 Nd4 42. Kh2 Nf5 43. h5 Qe5+ 44. f4 Qe7 45. Qg4 Qh4+ 46. Qxh4 Nxh4 47. Kg3 Nf5+ 48. Kg4 d4 49. hxg6 hxg6 50. Kg5 d3 51. Kf6 d2 52. Nxd2 Rd8 53. Ne4 Rd4 54. Ng5 Rxf4 55. g4 Ng7+ 56. Ke5 Rxg4 57. Ne4 Ne8 58. a5 Kg7 59. Kd5 Nc7+ 60. Ke5 Ne6 61. Nd6 Ra4 62. Ne8+ Kf8 63. Nf6 Rxa5+ 64. Kd6 Kg7 65. Ne8+ Kf8 66. Nf6 Rf5 67. Nd7+ Kg7 68. Nb6 a5 69. Ke7 g5 70. Nd7 Rf1 71. Nf8 g4 72. Nd7 g3 73. Ne5 g2 74. Ke8 g1=Q 75. Nd7 a4 76. Ne5 a3 77. Ke7 a2 78. Ke8 a1=Q 79. Ke7 Qa8 80. Ng6 Qxg6 81. Kd7 Nf8+ 82. Ke7 Qe6# 0-1

[Event "November 21 Late 2023"]
[Site "https://www.chess.com"]
[Date "2023.11.21"]
[Round "2"]
[White "zano2023"]
[Black "Kovalevsky, Stanislav"]
[Result "0-1"]
[Board "154"]
[TimeControl "180+1"]
[BlackFideId "13508598"]
[WhiteElo "2190"]
[BlackElo "2092"]
[BlackTeam "FID"]
[WhiteClock "0:00:54"]
[BlackClock "0:00:12"]

1. d4 d5 2. Nf3 Nf6 3. Nbd2 Nbd7 4. e3 Ne4 5. Nxe4 dxe4 6. Nd2 f5 7. f3 exf3 8. Qxf3 e6 9. e4 Nf6 10. exf5 Qxd4 11. fxe6 Be7 12. Bd3 O-O 13. Qe2 Ng4 14. Nf3 Bb4+ 15. Bd2 Qxb2 16. O-O Bc5+ 17. Kh1 Nf2+ 18. Rxf2 Qxa1+ 19. Rf1 Qf6 20. Ng5 Qxf1+ 21. Qxf1 Rxf1+ 22. Bxf1 h6 23. Ne4 Be7 24. Bc4 b5 25. Bd5 Rb8 26. Bf4 Rb6 27. Bxc7 Ra6 28. c3 Bxe6 29. c4 bxc4 30. Bb7 Rxa2 31. h3 Re2 32. Nc3 Re1+ 33. Kh2 Bf6 34. Ne4 c3 35. Nxc3 Bxc3 36. Bg3 Be5 37. Bxe5 Rxe5 38. Bc6 a5 0-1

[Event "November 21 Late 2023"]
[Site "https://www.chess.com"]
[Date "2023.11.21"]
[Round "2"]
[White "Jimenez Ruano, Adrian"]
[Black "Elbebiber"]
[Result "1-0"]
[Board "155"]
[TimeControl "180+1"]
[WhiteFideId "22276050"]
[WhiteElo "2215"]
[BlackElo "2181"]
[WhiteTeam "ESP"]
[WhiteClock "0:00:08"]
[BlackClock "0:00:00"]

1. Nf3 e6 2. e3 Nf6 3. b3 b6 4. Bb2 Bb7 5. Be2 Be7 6. O-O O-O 7. c4 c5 8. Nc3 Nc6 9. Rc1 d6 10. d3 Re8 11. Qd2 Qd7 12. Rfd1 Rad8 13. a3 a6 14. d4 Qc7 15. d5 exd5 16. Nxd5 Nxd5 17. cxd5 Nb8 18. Rc4 Nd7 19. Rg4 Bf6 20. e4 Bc8 21. Bxf6 Nxf6 22. Rxg7+ Kxg7 23. Qg5+ Kf8 24. Qxf6 Rxe4 25. Bd3 Rg4 26. Bxh7 Rg7 27. Re1 Rxh7 28. Ng5 Rg7 29. Nxf7 Rd7 30. Nxd6+ Kg8 31. Re8+ Kh7 32. Qf5+ Rg6 33. Qh5+ Rh6 34. Qf5+ Rg6 35. Qf8 Rgg7 36. Qh8+ Kg6 37. Re6+ 1-0

[Event "November 21 Late 2023"]
[Site "https://www.chess.com"]
[Date "2023.11.21"]
[Round "2"]
[White "szachmistrz2500"]
[Black "seasidesunset"]
[Result "0-1"]
[Board "156"]
[TimeControl "180+1"]
[WhiteElo "2439"]
[BlackElo "2162"]
[WhiteClock "0:01:30"]
[BlackClock "0:00:26"]

1. Nf3 Nf6 2. g3 g6 3. Bg2 Bg7 4. O-O O-O 5. d3 c5 6. e4 d6 7. Re1 Nc6 8. c3 Rb8 9. d4 e6 10. Qe2 Qc7 11. e5 dxe5 12. dxe5 Nd7 13. Bf4 h6 14. h4 b6 15. Nbd2 Bb7 16. Rad1 Rbd8 17. Ne4 Ncxe5 18. Nxe5 Nxe5 19. Rxd8 Rxd8 20. Nxc5 Bxg2 21. Kxg2 Qc6+ 22. Ne4 f5 23. Be3 Qxe4+ 24. f3 Qd3 25. Bd4 Qxe2+ 26. Rxe2 Nf7 27. Be3 e5 28. Kf2 Nd6 29. Ke1 Nc4 30. Bc1 Kf7 31. b3 Nd6 32. c4 e4 33. f4 Bc3+ 34. Kf2 Nb7 35. Be3 Nc5 36. Rc2 Bd4 37. b4 Bxe3+ 38. Kxe3 Rd3+ 39. Ke2 Ne6 40. c5 Nd4+ 41. Ke1 Nxc2+ 0-1

[Event "November 21 Late 2023"]
[Site "https://www.chess.com"]
[Date "2023.11.21"]
[Round "2"]
[White "Kniazev, Igor"]
[Black "Bogaudinov, Rushan"]
[Result "0-1"]
[Board "157"]
[TimeControl "180+1"]
[WhiteFideId "4136349"]
[BlackFideId "4129288"]
[WhiteElo "1862"]
[BlackElo "1908"]
[WhiteTeam "RUS"]
[BlackTeam "RUS"]
[WhiteClock "0:01:48"]
[BlackClock "0:02:25"]

1. e4 e6 2. Nc3 c5 3. Nf3 Nc6 4. d4 cxd4 5. Nxd4 a6 6. Be2 Qc7 7. O-O b5 8. Nxc6 dxc6 9. Bf3 e5 10. Be3 Be6 11. Qd2 Rd8 12. Qe2 Nf6 13. b3 Bb4 14. Bd2 Qa5 15. Qe3 Rxd2 16. Nb1 0-1

[Event "November 21 Late 2023"]
[Site "https://www.chess.com"]
[Date "2023.11.21"]
[Round "2"]
[White "kinghunter183"]
[Black "Vadim_Galchenko"]
[Result "0-1"]
[Board "158"]
[TimeControl "180+1"]
[WhiteElo "2134"]
[BlackElo "2436"]
[WhiteClock "0:00:02"]
[BlackClock "0:00:41"]

1. c4 f5 2. b3 Nf6 3. Bb2 g6 4. d4 Bg7 5. Nd2 O-O 6. Qc2 d6 7. e4 fxe4 8. Nxe4 Bf5 9. Bd3 Nc6 10. Nxf6+ Rxf6 11. a3 Re6+ 12. Ne2 Nxd4 13. Bxd4 Bxd4 14. Bxf5 gxf5 15. Qxf5 Bc3+ 16. Kf1 Rf6 17. Qd5+ e6 18. Qg5+ Kh8 19. Qc1 Bxa1 20. Qxa1 e5 21. Ng3 Qf8 22. f3 Rf4 23. Ke2 Re8 24. Ne4 Qg7 25. g3 Rf5 26. Qc3 Ref8 27. Rf1 h6 28. Qd3 Rh5 29. Rf2 Rhf5 30. c5 dxc5 31. Nxc5 Qe7 32. Qe3 Kh7 33. Ne4 Qxa3 34. Qc3 c6 35. Qd3 Kh8 36. Nd6 R5f6 37. Nc4 Qb2+ 38. Kf1 Qd4 39. Qe2 e4 40. Kg2 exf3+ 41. Rxf3 Rxf3 42. Qe6 R3f6 43. Qh3 Qf2+ 44. Kh1 Qe1+ 45. Kg2 Qf1# 0-1

[Event "November 21 Late 2023"]
[Site "https://www.chess.com"]
[Date "2023.11.21"]
[Round "2"]
[White "Kaplan, Avi Harrison"]
[Black "DraningWaterHi"]
[Result "0-1"]
[Board "159"]
[TimeControl "180+1"]
[WhiteFideId "30934559"]
[WhiteElo "2082"]
[BlackElo "2114"]
[WhiteTeam "USA"]
[WhiteClock "0:00:06"]
[BlackClock "0:00:45"]

1. a3 e5 2. h3 d5 3. b3 c5 4. g3 Nc6 5. Bb2 f5 6. Bg2 Nf6 7. d3 Be7 8. Nd2 O-O 9. Ngf3 Qc7 10. c4 d4 11. Qc2 Bd6 12. O-O h6 13. e3 Bd7 14. exd4 exd4 15. b4 b6 16. b5 Ne7 17. a4 Rae8 18. a5 Nc8 19. axb6 axb6 20. Nh4 g5 21. Nhf3 Re2 22. Qd1 Rfe8 23. Re1 Rxe1+ 24. Nxe1 Kg7 25. Ra8 g4 26. Nb3 f4 27. gxf4 gxh3 28. Bh1 Bxf4 29. Nf3 Bg4 30. Qf1 h2+ 31. Kg2 Qb7 32. Qd1 Qxa8 33. Nd2 Bxd2 34. Kxh2 Bf4+ 35. Kg1 Nd6 36. Bg2 Nf5 37. Kh1 h5 38. Bc1 Bxc1 39. Qxc1 Bxf3 40. Qg5+ Kf7 41. Qxf5 Bxg2+ 42. Kh2 Qf3 43. Qxf3 Bxf3 44. Kg3 Be2 45. Kf4 Bxd3 46. Kg5 Bxc4 47. f4 Bxb5 48. Kf5 Bd3+ 49. Kg5 Rg8+ 50. Kh4 Rg4+ 51. Kh3 Bf1+ 52. Kh2 d3 53. f5 d2 54. Kh1 d1=Q 55. Kh2 Qd2+ 56. Kh1 Qg2# 0-1

[Event "November 21 Late 2023"]
[Site "https://www.chess.com"]
[Date "2023.11.21"]
[Round "2"]
[White "Smirnov, Timofey"]
[Black "topce"]
[Result "0-1"]
[Board "160"]
[TimeControl "180+1"]
[WhiteFideId "24176427"]
[WhiteElo "2245"]
[BlackElo "2436"]
[WhiteTeam "RUS"]
[WhiteClock "0:00:21"]
[BlackClock "0:00:39"]

1. d4 Nf6 2. Bf4 d6 3. Nc3 Nc6 4. e4 e5 5. dxe5 dxe5 6. Qxd8+ Kxd8 7. O-O-O+ Bd6 8. Bg5 h6 9. Bxf6+ gxf6 10. Nb5 Ke7 11. Ne2 a6 12. Nxd6 cxd6 13. Ng3 Be6 14. Nf5+ Bxf5 15. exf5 b5 16. Be2 Nd4 17. Bh5 Rac8 18. c3 b4 19. Rd3 bxc3 20. bxc3 Nb5 21. Kc2 Rc5 22. a4 Nd4+ 23. Kb2 Rb8+ 24. Ka2 Nxf5 25. Rhd1 Ng7 26. Bf3 Ne8 27. Be4 Rc4 28. Bf5 Rxa4# 0-1

[Event "November 21 Late 2023"]
[Site "https://www.chess.com"]
[Date "2023.11.21"]
[Round "2"]
[White "Batsiashvili, Nino"]
[Black "Oliveira, Tiago Batista"]
[Result "1-0"]
[Board "161"]
[TimeControl "180+1"]
[WhiteFideId "13602993"]
[BlackFideId "2108291"]
[WhiteElo "2233"]
[BlackElo "1962"]
[WhiteTeam "GEO"]
[BlackTeam "BRA"]
[WhiteClock "0:01:31"]
[BlackClock "0:00:00"]

1. e4 c5 2. Nf3 Nc6 3. c3 Nf6 4. Bd3 d6 5. h3 e5 6. O-O Be7 7. Bc2 O-O 8. d4 b5 9. a4 bxa4 10. Bxa4 Bd7 11. Nbd2 cxd4 12. cxd4 Nxd4 13. Nxd4 exd4 14. Nc4 Bxa4 15. Rxa4 d5 16. exd5 Qxd5 17. Qd3 Rfc8 18. b3 Ne4 19. Ne3 Qc6 20. Rxd4 Qxc1 21. Rxc1 Rxc1+ 22. Nf1 Nxf2 23. Kxf2 Bc5 24. Ne3 Re8 25. Kf3 Bxd4 26. Qxd4 Re1 27. Nf5 1-0

[Event "November 21 Late 2023"]
[Site "https://www.chess.com"]
[Date "2023.11.21"]
[Round "2"]
[White "Yushko, Olga"]
[Black "Balla, Tamas-Kristof"]
[Result "1-0"]
[Board "162"]
[TimeControl "180+1"]
[WhiteFideId "14114500"]
[BlackFideId "1208497"]
[WhiteElo "2028"]
[BlackElo "2306"]
[WhiteTeam "UKR"]
[BlackTeam "ROU"]
[WhiteClock "0:01:27"]
[BlackClock "0:00:00"]

1. d4 d5 2. c4 e6 3. cxd5 exd5 4. Nc3 c6 5. Nf3 Bd6 6. Bg5 Ne7 7. e3 O-O 8. Bd3 f6 9. Bh4 Bf5 10. O-O Bxd3 11. Qxd3 Ng6 12. Bg3 Bxg3 13. hxg3 Nd7 14. Rac1 Nb6 15. a3 Qe7 16. Qf5 Rfe8 17. Rfe1 Nc4 18. Rc2 Nd6 19. Qd3 a5 20. Na4 Ne4 21. Nc5 Nxc5 22. Rxc5 Qd6 23. b4 axb4 24. axb4 Nf8 25. b5 Ne6 26. Rc2 c5 27. dxc5 Nxc5 28. Qd4 b6 29. Rd1 Rad8 30. Ra2 Re4 31. Qc3 Qd7 32. Rda1 Qxb5 33. Nd4 Qd7 34. Ra7 Qe8 35. Qb4 Rb8 36. Rc7 Ra8 37. Rxa8 Qxa8 38. Qxb6 Nd3 39. Nf5 Qa1+ 40. Kh2 Re8 41. Rxg7+ Kh8 42. Qc7 1-0

[Event "November 21 Late 2023"]
[Site "https://www.chess.com"]
[Date "2023.11.21"]
[Round "2"]
[White "Rakitic2010"]
[Black "Sailer, Mike"]
[Result "1-0"]
[Board "163"]
[TimeControl "180+1"]
[BlackFideId "2012901"]
[WhiteElo "2433"]
[BlackElo "2109"]
[BlackTeam "USA"]
[WhiteClock "0:01:49"]
[BlackClock "0:00:26"]

1. e4 g6 2. h4 h5 3. d4 Bg7 4. Nc3 c5 5. Nf3 cxd4 6. Nxd4 Nc6 7. Be3 d6 8. Bc4 Bd7 9. Qd2 Rc8 10. Bb3 Nf6 11. O-O Ng4 12. Nxc6 Bxc6 13. Bd4 Bxd4 14. Qxd4 e5 15. Qc4 Qxh4 16. Qxf7+ Kd8 17. Rfd1 Qh2+ 18. Kf1 Qh1+ 19. Ke2 Rc7 1-0

[Event "November 21 Late 2023"]
[Site "https://www.chess.com"]
[Date "2023.11.21"]
[Round "2"]
[White "Blackwhite017"]
[Black "Real_taiatai"]
[Result "0-1"]
[Board "164"]
[TimeControl "180+1"]
[WhiteElo "2034"]
[BlackElo "2433"]
[WhiteClock "0:00:00"]
[BlackClock "0:00:35"]

1. e4 e5 2. Nf3 Nc6 3. Bb5 a6 4. Ba4 Nf6 5. d3 d6 6. O-O Bd7 7. c3 g6 8. Nbd2 Bg7 9. Re1 O-O 10. h3 Nh5 11. Nf1 Kh8 12. d4 b5 13. Bc2 Qe8 14. Ng3 Nxg3 15. fxg3 exd4 16. cxd4 Nb4 17. Bb1 c5 18. e5 dxe5 19. dxc5 Bc6 20. a3 Rd8 21. Qe2 e4 22. Bxe4 Bxe4 23. Qxe4 Qxe4 24. Rxe4 Rd1+ 25. Re1 Rxe1+ 26. Nxe1 Nc6 27. Kf1 Nd4 28. Nd3 Rd8 29. Rb1 Nf5 0-1

[Event "November 21 Late 2023"]
[Site "https://www.chess.com"]
[Date "2023.11.21"]
[Round "2"]
[White "Gurevich, Dmitry"]
[Black "Desideri, Ricardo Maruchi"]
[Result "1-0"]
[Board "165"]
[TimeControl "180+1"]
[WhiteFideId "2000407"]
[BlackFideId "2110440"]
[WhiteElo "2506"]
[BlackElo "1945"]
[WhiteTeam "USA"]
[BlackTeam "BRA"]
[WhiteClock "0:00:49"]
[BlackClock "0:00:00"]

1. d4 Nf6 2. c4 c5 3. Nf3 cxd4 4. Nxd4 b6 5. Nc3 Bb7 6. f3 e6 7. e4 d6 8. Be2 Nbd7 9. O-O a6 10. Be3 Be7 11. a4 Rc8 12. a5 bxa5 13. Nb3 O-O 14. Nxa5 Ba8 15. b4 Ne5 16. c5 dxc5 17. Bxa6 cxb4 18. Bxc8 Qxc8 19. Nb5 Rd8 20. Qe2 Bc5 21. Rfc1 Bxe3+ 22. Qxe3 Qd7 23. Nc7 Nd3 24. Rc2 Rc8 25. Rd1 Rxc7 26. Rxd3 Qc8 27. Qd2 Ne8 28. Rd8 Rxc2 29. Rxc8 1-0

[Event "November 21 Late 2023"]
[Site "https://www.chess.com"]
[Date "2023.11.21"]
[Round "2"]
[White "Castillo Pena, Patricia Evarista"]
[Black "jactorres"]
[Result "1/2-1/2"]
[Board "166"]
[TimeControl "180+1"]
[WhiteFideId "6412106"]
[WhiteElo "1861"]
[BlackElo "2431"]
[WhiteTeam "DOM"]
[WhiteClock "0:00:15"]
[BlackClock "0:01:03"]

1. d4 d5 2. Nf3 Nf6 3. e3 c5 4. Bd3 Nc6 5. b3 Bg4 6. Bb2 Qc7 7. Nbd2 e6 8. h3 Bh5 9. c4 cxd4 10. exd4 Rd8 11. Rc1 dxc4 12. bxc4 Bb4 13. O-O Bxd2 14. Qxd2 Bxf3 15. gxf3 Nxd4 16. Bxd4 Rxd4 17. Qe2 O-O 18. Rfd1 Qf4 19. Rb1 Qg5+ 20. Kh2 Rh4 21. Rg1 Qf4+ 22. Rg3 Nh5 23. Rg1 Qd6 24. Qd2 Nxg3 25. Bxh7+ Rxh7 26. Qxd6 Nf5 27. Qe5 Rd8 28. c5 Rh6 29. Rg4 Rd2 30. Kg2 Nh4+ 31. Kg3 Nf5+ 32. Kg2 Nh4+ 33. Kg3 Nf5+ 34. Kg2 1/2-1/2

[Event "November 21 Late 2023"]
[Site "https://www.chess.com"]
[Date "2023.11.21"]
[Round "2"]
[White "Pace, Christopher"]
[Black "Mirza, Diana"]
[Result "1-0"]
[Board "167"]
[TimeControl "180+1"]
[WhiteFideId "2610167"]
[BlackFideId "2503999"]
[WhiteElo "2430"]
[BlackElo "1813"]
[WhiteTeam "CAN"]
[BlackTeam "IRL"]
[WhiteClock "0:02:18"]
[BlackClock "0:01:44"]

1. e4 c5 2. Nf3 Nc6 3. d4 cxd4 4. Nxd4 e6 5. Nc3 a6 6. a3 Qc7 7. Be3 Nf6 8. Be2 Be7 9. O-O O-O 10. f4 Nxd4 11. Qxd4 b5 12. e5 Ne8 13. Rad1 d5 14. f5 exf5 15. Nxd5 Qb7 16. Bf3 Qd7 17. Nxe7+ Qxe7 18. Bxa8 Nc7 19. Bf3 Be6 20. Qd6 1-0

[Event "November 21 Late 2023"]
[Site "https://www.chess.com"]
[Date "2023.11.21"]
[Round "2"]
[White "katharinareinecke"]
[Black "Arnold, Ken"]
[Result "0-1"]
[Board "168"]
[TimeControl "180+1"]
[BlackFideId "2056836"]
[WhiteElo "1971"]
[BlackElo "2430"]
[BlackTeam "USA"]
[WhiteClock "0:00:17"]
[BlackClock "0:00:33"]

1. d4 Nf6 2. c4 e6 3. Nf3 d5 4. g3 Bb4+ 5. Bd2 Qe7 6. Bg2 O-O 7. O-O b6 8. Nc3 Bb7 9. cxd5 Nxd5 10. Rc1 Nxc3 11. bxc3 Ba3 12. Rb1 Nd7 13. Qc2 Nf6 14. Ne5 Bxg2 15. Kxg2 c5 16. Rb3 cxd4 17. cxd4 Rac8 18. Qd3 Bd6 19. Rc1 Rxc1 20. Bxc1 Rc8 21. Ba3 Bxa3 22. Rxa3 g6 23. e3 Nd5 24. Qa6 Rc7 25. Qa4 Nc3 26. Qb3 Ne4 27. Qd3 Nd6 28. h4 Kg7 29. Qd2 Nc4 30. Nxc4 Rxc4 31. Qb2 Qb7+ 32. d5+ f6 33. Rd3 exd5 34. Qb5 Rc5 35. Qe8 d4+ 36. Kg1 Rc1+ 37. Kh2 Rh1# 0-1

[Event "November 21 Late 2023"]
[Site "https://www.chess.com"]
[Date "2023.11.21"]
[Round "2"]
[White "Shohat, Yotam"]
[Black "Dias, Joao Batista"]
[Result "0-1"]
[Board "169"]
[TimeControl "180+1"]
[WhiteFideId "2813955"]
[BlackFideId "2108240"]
[WhiteElo "2226"]
[BlackElo "1907"]
[WhiteTeam "ISR"]
[BlackTeam "BRA"]
[WhiteClock "0:00:00"]
[BlackClock "0:01:53"]

1. e4 e5 2. Nf3 Nc6 3. g3 Nf6 4. d3 Be7 5. Bg2 O-O 6. O-O h6 7. Nc3 d6 8. h3 a6 9. d4 Nxd4 10. Nxd4 exd4 11. Qxd4 Be6 12. Be3 Rb8 13. Rad1 Qc8 14. Kh2 Re8 15. f4 Bd7 16. e5 Nh7 17. Nd5 Bf8 18. exd6 Bxd6 19. Bd2 Bc6 20. Bc3 Bf8 21. Rde1 Qd7 22. Qc4 Rbd8 0-1

[Event "November 21 Late 2023"]
[Site "https://www.chess.com"]
[Date "2023.11.21"]
[Round "2"]
[White "VitaliyChayka"]
[Black "Ivanov, Aleksandr"]
[Result "0-1"]
[Board "170"]
[TimeControl "180+1"]
[BlackFideId "2092980"]
[WhiteElo "2430"]
[BlackElo "1926"]
[BlackTeam "USA"]
[WhiteClock "0:00:08"]
[BlackClock "0:00:07"]

1. d4 d5 2. Bf4 Nf6 3. e3 e6 4. Nf3 Bd6 5. Bg3 O-O 6. Nbd2 b6 7. c3 Bb7 8. Bd3 Nc6 9. Ne5 Ne7 10. Qf3 c5 11. O-O Rc8 12. a4 a6 13. Bh4 Ng6 14. Qh3 Be7 15. Bg3 Ne4 16. Ndf3 Bf6 17. Nxg6 hxg6 18. Ne5 Nxg3 19. hxg3 Bxe5 20. dxe5 d4 21. exd4 cxd4 22. c4 Qc7 23. f4 Qc5 24. Rae1 b5 25. axb5 axb5 26. Kf2 Rfd8 27. Rh1 Kf8 28. Qh8+ Ke7 29. Qxg7 Rf8 30. cxb5 Qd5 31. Be4 Rc2+ 32. Kf3 Qb3+ 33. Kg4 Bxe4 34. Rxe4 Rxg2 35. Rh3 Qd3 36. Re1 Rf2 37. Ra1 Qf5+ 38. Kh4 Qh5# 0-1